 Dungeon Crawl Stone Soup version 0.28-a0-1524-ge72afd5fc6 (webtiles) character file.

Game seed: 4153574830046836349

224 YayAnonymity the Slasher (level 5, -11/38 HPs)
             Began as a Demonspawn Gladiator on Jan 18, 2022.
             Succumbed to a water moccasin's poison
             ... on level 6 of the Dungeon.
             The game lasted 00:04:24 (3306 turns).

YayAnonymity the Slasher (Demonspawn Gladiator)     Turns: 3306, Time: 00:04:24

Health: -11/38     AC:  6    Str: 17    XL:     5   Next: 67%
Magic:  5/5        EV: 13    Int:  9    God:
Gold:   83         SH:  4    Dex: 14    Spells: 4/4 levels left

rFire   . . .      SeeInvis .   j - +0 war axe (elec)
rCold   . . .      Faith    .   (no shield)
rNeg    . . .      Spirit   .   b - +0 leather armour
rPois   .          Reflect  .   c - +0 helmet
rElec   .          Harm     .   (no cloak)
rCorr   .          Rampage  .   (no gloves)
Will    .....                   (no boots)
Stlth   +.........              (no amulet)
HPRegen 0.12/turn               (no ring)
MPRegen 0.09/turn               (no ring)

@: lethally poisoned (-11 -> -55)
A: thin metallic scales 1, condensation shield, weakness stinger 1
a: no special abilities


You were on level 6 of the Dungeon.
You visited 1 branch of the dungeon, and saw 4 of its levels.

You collected 83 gold pieces.

Inventory:

Hand Weapons
 a - a +0 long sword
 j - a +0 war axe of electrocution (weapon)
Missiles
 d - 3 throwing nets (quivered)
Armour
 b - a +0 leather armour (worn)
 c - a +0 helmet (worn)
Scrolls
 e - 2 scrolls of silence {unknown}
 k - a scroll of magic mapping {unknown}
Potions
 f - a potion of ambrosia {unknown}
 g - a potion of heal wounds {unknown}
 h - a potion of mutation {unknown}
 i - 2 potions of curing {unknown}
 l - a potion of berserk rage {unknown}


   Skills:
 - Level 2.0 Fighting
 * Level 5.1 Long Blades
 - Level 1.7 Throwing
 + Level 4.0 Dodging


You had 4 spell levels left.
You didn't know any spells.
Your spell library contained the following spells:

 Spells                   Type           Power      Damage    Failure   Level
 Blink                    Tloc           0%         N/A       58%         2
 Lesser Beckoning         Tloc           0%         N/A       83%         3
 Manifold Assault         Tloc           0%         N/A       100%        5


Dungeon Overview and Level Annotations

Branches:
Dungeon (3/15)

Altars:

Shops:
D:3 [


Innate Abilities, Weirdness & Mutations

You are partially covered in thin metallic scales. (AC +2)
A meltable shield of frost defends you. (SH +4)
You have a small tail.


Message History

You see here an amethyst potion.
l - an amethyst potion You miss the water moccasin.
You tail-slap the water moccasin.
The water moccasin is lightly wounded.
The water moccasin closely misses you. The water moccasin bites you.
You hit the water moccasin but do no damage.
Lightning courses through the water moccasin!!
Your tail-slap misses the water moccasin.
The water moccasin is almost dead.
The water moccasin bites you but does no damage.
The water moccasin completely misses you.
The water moccasin barely misses you.
You barely miss the water moccasin.
The water moccasin is almost dead.
The water moccasin bites you! The water moccasin bites you.
You are poisoned.
The water moccasin poisons you!
You miss the water moccasin.
The water moccasin is severely wounded.
You feel very sick. The water moccasin barely misses you.
The water moccasin closely misses you.
You barely miss the water moccasin.
The water moccasin is severely wounded.
You feel sick. The water moccasin bites you.
You are lethally poisoned!
The water moccasin poisons you! The water moccasin closely misses you.
You hit the water moccasin.
The water moccasin is almost dead.
* * * LOW HITPOINT WARNING * * *
You feel very sick. The water moccasin bites you.
* * * LOW HITPOINT WARNING * * *
You are more poisoned.
The water moccasin poisons you! The water moccasin bites you.
* * * LOW HITPOINT WARNING * * *
You are more poisoned.
The water moccasin poisons you!
You closely miss the water moccasin.
The water moccasin is almost dead.
You die...

...#########
...).....".###
.#.#####.....#
#.###.## ...#
#..#
###.###..#
#...@S.#
###.##.# #. .#
#. .# .. .# ##
.# ^.


You could see a water moccasin.

Vanquished Creatures
  Natasha (thrice) (D:2)
  Terence (D:2)
  Robin (D:3)
  4 adders (D:2)
  A white imp (D:6)
  4 dart slugs
  3 orcs (D:3)
  5 ball pythons
  An endoplasm (D:1)
  2 giant cockroaches
  10 goblins
  7 hobgoblins
  4 kobolds
  3 quokkas
  5 bats
  7 frilled lizards
  3 rats (D:2)
64 creatures vanquished.

Notes
Turn   | Place    | Note
-------+----------+-------------------------------------------
     0 | D:1      | YayAnonymity the Demonspawn Gladiator began the quest for
                  | the Orb.
     0 | D:1      | Reached XP level 1. HP: 16/16 MP: 1/1
   377 | D:1      | Reached skill level 3 in Long Blades
   427 | D:1      | Found a faded altar of an unknown god.
   508 | D:1      | Gained mutation: You have a small tail. [demonic ancestry]
   508 | D:1      | Reached XP level 2. HP: 19/22 MP: 2/2
  1136 | D:2      | Gained mutation: A meltable shield of frost defends you.
                  | (SH +4) [demonic ancestry]
  1136 | D:2      | Reached XP level 3. HP: 25/27 MP: 3/3
  1472 | D:2      | Noticed Natasha
  1479 | D:2      | Killed Natasha
  1480 | D:2      | Reached skill level 4 in Long Blades
  1480 | D:2      | Reached XP level 4. HP: 18/33 MP: 4/4
  1625 | D:2      | Noticed Terence
  1648 | D:2      | Killed Terence
  2202 | D:2      | Noticed Natasha
  2209 | D:2      | Killed Natasha
  2210 | D:2      | Gained mutation: You are partially covered in thin metallic
                  | scales. (AC +2) [demonic ancestry]
  2210 | D:2      | Reached XP level 5. HP: 15/38 MP: 5/5
  2472 | D:2      | Noticed Natasha
  2480 | D:2      | Killed Natasha
  2777 | D:3      | Found Abuwykke's Armour Emporium.
  2968 | D:3      | Identified the +2 helmet of the Blacksmith {*Corrode rPois
                  | rF+}
  2968 | D:3      | Noticed Robin
  2982 | D:3      | Killed Robin
  2983 | D:3      | Reached skill level 5 in Long Blades
  3286 | D:3      | You fall into a shaft and drop 3 floors!
  3295 | D:6      | Noticed a water moccasin
  3306 | D:6      | Succumbed to a water moccasin's poison

Illustrated notes

Levels and vault maps discovered:
D:1:      nagdon_arrival_double_spiral, layout_loops_cross,
          ebering_ecumenical_altar_box, minivault_4
D:2:      layout_basic, uniq_natasha, uniq_terence
D:3:      layout_loops_ring, trog_book,
          chequers_temple_overflow_statue_of_worship,
          nemelex_diamond_rough_becter, serial_shops, shop,
          guppyfry_early_orc_mine, uniq_ijyb, uniq_robin
D:6:      layout_loops_ring, bloody_makhleb, hangedman_abyss_or_decor_stagger,
          uniq_maggie, uniq_edmund, uniq_sigmund

Skill      XL: |  1  2  3  4  5 |
---------------+----------------+-----
Long Blades    | 3 4 5 |  5.1
Dodging        | 3 4 |  4.0
Fighting       | |  2.0
Throwing       | |  1.7

Action                   |  1- 3 |  4- 6 || total
-------------------------+-------+-------++-------
Melee: Long sword        |    87 |    78 ||   165
       Punch             |     1 |     1 ||     2
       Tailslap          |     8 |    16 ||    24
       War axe           |       |    41 ||    41
  Use: Potion            |       |     1 ||     1
Armor: Leather armour    |    25 |    24 ||    49
Dodge: Dodged            |    54 |    76 ||   130
Block: Other             |     8 |    22 ||    30

Table legend: (Time is in decaauts)
 A = Elapsed time spent in this place.
 B = Non-inter-level travel time spent in this place.
 C = Inter-level travel time spent in this place.
 D = Time resting spent in this place.
 E = Time spent auto-exploring this place.
 F = Levels seen in this place.
 G = Mean time per level.
                   A        B        C        D        E       F      G
               +--------+--------+--------+--------+--------+-----+--------+
         Total |   3373 |   3227 |    146 |    113 |   2510 |   4 |  843.2 |
       Dungeon |   3373 |   3227 |    146 |    113 |   2510 |   4 |  843.2 |
               +--------+--------+--------+--------+--------+-----+--------+

Top non-repeatable levels by time:
     D:2: 1741 daAuts
     D:1: 1088 daAuts
     D:3: 519 daAuts
     D:6: 23 daAuts
